 Dungeon Crawl Stone Soup version 0.27-a0-1374-gc14e5d3922 (webtiles) character file.

Game seed: 12040459783028584367

6 HAL9000 the Sneak (level 1, 0/11 HPs)
             Began as a Vine Stalker Brigand on June 29, 2021.
             Slain by a jackal (2 damage)
             ... on level 1 of the Dungeon.
             The game lasted 00:00:47 (55 turns).

HAL9000 the Sneak (Vine Stalker Brigand)              Turns: 55, Time: 00:00:48

Health: 0/11       AC:  3    Str: 13    XL:     1   Next: 90%
Magic:  0/2        EV: 11    Int: 11    God:
Gold:   0          SH:  0    Dex: 15    Spells: 0/0 levels left

rFire    . . .     SeeInvis .   a - +2 dagger
rCold    . . .     Faith    .   (no shield)
rNeg     . . .     Spirit   +   b - +0 robe
rPois    .         Reflect  .   (no helmet)
rElec    .         Harm     .   c - +0 cloak
rCorr    .         Rampage  .   (no gloves)
Will     .....                  (no boots)
Stlth    +++.......             (no amulet)
HPRegen  0.03/turn              (no ring)
MPRegen  0.08/turn              (no ring)

@: no status effects
A: fangs 2, magic shield, antimagic bite, no potion heal 2
a: no special abilities


You were on level 1 of the Dungeon.
You visited 1 branch of the dungeon, and saw 1 of its levels.

Inventory:

Hand Weapons
 a - a +2 dagger (weapon)
Missiles
 d - 8 poisoned darts (quivered)
 e - 2 curare-tipped darts
Armour
 b - a +0 robe (worn)
 c - a +0 cloak (worn)


   Skills:
 + Level 1.9 Fighting
 + Level 1.7 Short Blades
 + Level 1.9 Throwing
 + Level 0.7 Dodging
 + Level 5.1 Stealth


You couldn't memorise any spells.
You didn't know any spells.
Your spell library was empty.

Dungeon Overview and Level Annotations

Branches:
Dungeon (1/15)

Altars:


Innate Abilities, Weirdness & Mutations

You have extremely sharp teeth.
When hurt, damage is shared between your health and your magic reserves.
Your bite disrupts and absorbs the magic of your enemies.
Potions cannot restore your health.


Message History

You closely miss the jackal. You bite the jackal. You drain its power.
The jackal is severely wounded.
The jackal completely misses you. The jackal barely misses you.
The jackal bites you.
You closely miss the jackal.
The jackal is severely wounded.
The jackal bites you but does no damage.
The jackal closely misses you. The jackal bites you.
You closely miss the jackal.
The jackal is severely wounded.
The jackal completely misses you.
The jackal bites you but does no damage.
The jackal misses you. The jackal barely misses you.
You hit the jackal but do no damage.
The jackal is heavily wounded.
The jackal closely misses you. The jackal barely misses you.
The jackal bites you. x2
You are too injured to fight recklessly!
The jackal bites you but does no damage.
The jackal bites you but does no damage.
You barely miss the jackal. You bite the jackal.
You kill the jackal!
You are too injured to fight recklessly!
You hit the jackal.
The jackal is almost dead.
The jackal barely misses you.
You are too injured to fight recklessly!
You hit the jackal.
You kill the jackal!
You are too injured to fight recklessly!
You are too injured to fight recklessly!
You hit the jackal.
The jackal is moderately wounded.
The jackal bites you.
* * * LOW HITPOINT WARNING * * *
You are too injured to fight recklessly!
You barely miss the jackal. Your bite misses the jackal.
The jackal is moderately wounded.
The jackal bites you.
You die...

)...... ##
...... # ..
#.... .#.
....####
#.#.##.#.#..#
#.....h.....#
#.#..#.# #..
#.#.##.#.....
##>..h@..$....
#...#########.
#...#
#...########
#...........
###.........
#.........
#.).......
#.........


You could see a jackal.

Vanquished Creatures
  3 jackals (D:1)
  2 kobolds (D:1)
5 creatures vanquished.

Notes
Turn   | Place    | Note
-------+----------+-------------------------------------------
     0 | D:1      | HAL9000 the Vine Stalker Brigand began the quest for the
                  | Orb.
     0 | D:1      | Reached XP level 1. HP: 11/11 MP: 2/2
    31 | D:1      | Reached skill level 5 in Stealth
    55 | D:1      | Slain by a jackal

Illustrated notes

Levels and vault maps discovered:
D:1:      wheals_arrival_shading, layout_basic, serial_shops,
          nicolae_shop_trees, hellmonk_ecumenical_altar_crossroads

Skill      XL: |  1 |
---------------+----+-----
Stealth        | 5 |  5.1
Fighting       | |  1.9
Short Blades   | |  1.7
Throwing       | |  1.9
Dodging        | |  0.7

Action                   || total
-------------------------++-------
Melee: Dagger            ||    14
       Bite              ||     3
Armor: Robe              ||     6
Dodge: Dodged            ||    13

Table legend: (Time is in decaauts)
 A = Elapsed time spent in this place.
 B = Non-inter-level travel time spent in this place.
 C = Inter-level travel time spent in this place.
 D = Time resting spent in this place.
 E = Time spent auto-exploring this place.
 F = Levels seen in this place.
 G = Mean time per level.
                   A        B        C        D        E       F      G
               +--------+--------+--------+--------+--------+-----+--------+
         Total |     53 |     53 |      0 |      0 |     25 |   1 |   53.0 |
       Dungeon |     53 |     53 |      0 |      0 |     25 |   1 |   53.0 |
               +--------+--------+--------+--------+--------+-----+--------+

Top non-repeatable levels by time:
     D:1: 53 daAuts
